 Dungeon Crawl Stone Soup version 0.31.0-1-g2c135a0 (webtiles) character file.

Game seed: 773698769214871204

105172 colig the Brawler (level 14, -1/143 (150) HPs)
             Began as a Troll Shapeshifter on Feb 26, 2024.
             Was the Champion of Ru.
             Slain by a wolf spider (14 damage)
             ... on level 1 of the Spider Nest.
             The game lasted 01:08:56 (20622 turns).

colig the Brawler (Troll Shapeshifter)             Turns: 20622, Time: 01:08:57

HP:   -1/143 (150)  AC: 12    Str: 29      XL:     14   Next: 94%
MP:   13/13         EV:  9    Int:  4 (6)  God:    Ru [******]
Gold: 2230          SH: 20    Dex:  9      Spells: 13/13 levels left

rFire   . .          .
                       - Unarmed
rCold   . . .        J - +0 tower shield
rNeg    . . .        N - +0 acid dragon scales
rPois   .            (helmet currently unavailable)
rElec   .            (cloak currently unavailable)
rCorr   +            (gloves unavailable)
SInv    +            (boots unavailable)
Will    +....        x - amulet of reflection Stlth
                     a - ring of see invisible
HPRegen 1.23/turn    Q - +4 ring of protection
MPRegen 0.13/turn

%: reflection
@: lethally poisoned (-1 -> -9), exhausted, beast-form, lightly drained
A: beast (slay +3), large, unfitting armour, claws 3, regeneration 1, shaggy fur
1, tough skin 1, no stealth, inability to use devices, hated by all, unskilled
1, inexperienced 1
a: Begin Untransformation, Renounce Religion, Draw Out Power, Power Leap,
Apocalypse


You were on level 1 of the Spider Nest.
You worshipped Ru.
Ru was exalted by your worship.
You were a hulking beast.
You visited 4 branches of the dungeon, and saw 21 of its levels.
You visited the Abyss 1 time.
You also visited: Sewer and Bailey.

You collected 2230 gold pieces.

Inventory:

Hand Weapons
 y - a +0 giant spiked club
 C - a +6 dire flail of holy wrath
 D - the +5 quarterstaff "Ecefyv" {drain, rElec rF+ rN+++ Str-4}
   (You found it on level 6 of the Dungeon)

   Str-4:     It affects your strength (-4).
   rF+:       It protects you from fire.
   rElec:     It insulates you from electricity.
   rN+++:     It renders you almost immune to negative energy.
Missiles
 j - 4 silver javelins
 K - 3 large rocks (quivered)
 L - 29 poisoned darts
 M - 7 atropa-tipped darts
Armour
 i - a +0 cloak
 J - a +0 tower shield (worn)
 N - +0 acid dragon scales (worn)
 Y - a +0 hat
Jewellery
 a - a ring of see invisible (left claw)
 m - the ring "Biomuilu" {Fly rN+ Str+3}
   (You found it on level 5 of the Lair of Beasts)

   [ring of positive energy]

   Str+3:     It affects your strength (+3).
   rN+:       It protects you from negative energy.
   Fly:       It grants you flight.
 r - a +5 ring of evasion
 x - an amulet of reflection (around neck)
 I - the amulet "Rasy" {Faith Int+3 Dex+3}
   (You found it on level 7 of the Dungeon)

   [amulet of faith]

   Faith:     It allows you to gain divine favour quickly.
   Int+3:     It affects your intelligence (+3).
   Dex+3:     It affects your dexterity (+3).
 O - the ring of Foolhardiness {Fly Stlth+}
   (You found it on level 8 of the Dungeon)

   [ring of flight]

   Fly:       It grants you flight.
   Stlth+:    It makes you more stealthy.
 P - a ring of magical power
 Q - a +4 ring of protection (right claw)
 W - a ring of protection from cold
Talismans
 c - a beast talisman
 d - a flux talisman
 G - a dragon-blood talisman
Scrolls
 e - a scroll of torment {unknown}
 f - 6 scrolls of revelation
 h - 5 scrolls of poison {unknown}
 l - 2 scrolls of silence {unknown}
 n - 10 scrolls of teleportation
 u - 2 scrolls of acquirement {unknown}
 v - 7 scrolls of fog
 A - 5 scrolls of noise
 E - 2 scrolls of amnesia {unknown}
 F - 4 scrolls of enchant armour {unknown}
 H - 3 scrolls of brand weapon {unknown}
 T - 2 scrolls of identify
 U - a scroll of butterflies
 X - a scroll of fear {unknown}
Potions
 b - 3 potions of lignification
 g - 2 potions of mutation {unknown}
 k - 3 potions of brilliance
 o - 14 potions of ambrosia
 p - 4 potions of curing
 q - 2 potions of resistance {unknown}
 s - 4 potions of haste {unknown}
 t - a potion of experience {unknown}
 w - a potion of enlightenment {unknown}
 z - 5 potions of heal wounds
 B - 3 potions of attraction {unknown}
 R - a potion of might {unknown}
 S - a potion of invisibility {unknown}
 V - a potion of magic {unknown}


   Skills:
 + Level 12.3 Fighting
 + Level 3.1 Throwing
 - Level 6.8 Dodging
 + Level 11.9 Shields
 * Level 15.5 Unarmed Combat
 - Level 6.5 Shapeshifting


You had 13 spell levels left.
You didn't know any spells.
Your spell library contained the following spells:

 Spells                   Type           Power      Damage    Failure   Level
 Magic Dart               Conj           0%         1d3       88%         1
 Sandblast                Erth           0%         2d4       88%         1
 Blink                    Tloc           0%         N/A       95%         2
 Cigotuvi's Dreadful Rot  Necr/Alch/Air  0%         N/A       95%         2
 Ensorcelled Hibernation  Hex/Ice        0%         N/A       95%         2
 Fugue of the Fallen      Necr           0%         N/A       99%         3
 Hailstorm                Conj/Ice       0%         3d5       99%         3
 Passwall                 Erth           0%         N/A       99%         3
 Stone Arrow              Conj/Erth      0%         3d7       99%         3
 Anguish                  Hex/Necr       0%         N/A       100%        4
 Brom's Barrelling Bould  Conj/Erth      0%         2d3       100%        4
 Dispel Undead            Necr           0%         3d6       100%        4
 Ignite Poison            Fire/Alch      0%         N/A       100%        4
 Vhi's Electric Charge    Tloc/Air       0%         N/A       100%        4
 Arcjolt                  Conj/Air       0%         1d10      100%        5
 Freezing Cloud           Conj/Ice/Air   0%         6-21      100%        5
 Plasma Beam              Fire/Air       0%         2x1d10    100%        6
 Call Imp                 Summ           Unusable   N/A       N/A         2
 Summon Ice Beast         Ice/Summ       Unusable   N/A       N/A         3
 Martyr's Knell           Necr/Summ      Unusable   N/A       N/A         4
 Death Channel            Necr           Unusable   N/A       N/A         6
 Sculpt Simulacrum        Ice/Alch       Unusable   N/A       N/A         6

Dungeon Overview and Level Annotations

Branches:
Dungeon (12/15)            Temple (0/1) D:6            Lair (5/5) D:11
 Shoals (0/4) Lair:2       Spider (2/4) Lair:2        Slime (0/5) Lair:4
    Orc (2/2) D:10            Elf (0/3) Orc:2         Sewer (visited)
 Bailey (visited)

Altars:
Ashenzari
Cheibriados
Dithmenos
Kikubaaqudgha
Nemelex Xobeh
Okawaru
Ru
Sif Muna
Vehumet
Wu Jian
Xom
Zin

Shops:
D:6 =   D:8 *   D:10 (   Orc:2 ?([[


Innate Abilities, Weirdness & Mutations

You are a hulking beast.
Your limbs bulge with bestial killing power. (Slay +3)
You are too large for most types of armour.
You have claws for hands.
Your natural rate of healing is unusually fast.
You are covered in fur. (AC +1)
You have tough skin. (AC +1)
You cannot be stealthy.
You cannot study or use magical devices.
You are hated by all.
You are somewhat unskilled. (-1 Apt)
You are somewhat inexperienced. (-1 XL)


Message History

You are more poisoned.
The redback poisons you!
You focus your inner power and slow the redback in retribution!
You block the wolf spider's attack. The wolf spider bites you.
You barely miss the redback.
The redback is almost dead.
* * * LOW HITPOINT WARNING * * *
You feel extremely sick. You block the redback's attack.
You block the wolf spider's attack. The wolf spider barely misses you.
You closely miss the redback.
The redback is almost dead.
You feel extremely sick. The wolf spider hits you!
* * * LOW HITPOINT WARNING * * *
The wolf spider barely misses you.
The redback is stunned by your conviction and fails to attack.
Okay, then.
You feel better. You block the wolf spider's attack.
The wolf spider bites you but does no damage.
You block the redback's attack. The wolf spider completely misses you.
The wolf spider bites you!
* * * LOW HITPOINT WARNING * * *
You are poisoned.
The wolf spider poisons you!
You mangle the redback!!
You kill the redback!
* * * LOW HITPOINT WARNING * * *
You feel extremely sick. You block the wolf spider's attack.
The wolf spider bites you but does no damage.
You claw the wolf spider!
The wolf spider is severely wounded.
You feel very sick. You block the wolf spider's attack. x2
You claw the wolf spider!
The wolf spider is almost dead.
You feel very sick. The wolf spider hits you!
You die...

#................#^..#......##..
#...#....#..#..#...#............
#.....#.^.#...........#.........
##....#........>................
###............#...#...........
####.......#........##...#...
##........................
##.....s..............#..
###....h...............#
####.......#..........
#^.^................#
##......#....#......#
#........#....#.(^##
##........######..# #..#^..####
#### #.##..## #######


You could see a wolf spider.

Vanquished Creatures
  Frances (D:12)
  Kirke (Lair:4)
  An emperor scorpion (Lair:2)
  A ghost moth (Spider:2)
  An orc warlord (Orc:2)
  3 dire elephants (Lair:5)
  6 spark wasps
  Erolcha (D:9)
  2 vault guards (Bailey)
  3 hydras
  A centaur warrior (D:9)
  3 boulder beetles
  A radroach (Spider:1)
  4 two-headed ogres
  3 demonic crawlers
  7 death yaks (Lair:4)
  Urug (D:10)
  An orc high priest (Orc:2)
  A spectral dire elephant (Lair:5)
  Sonja (Lair:4)
  Amaemon (Lair:1)
  A spectral death yak (Lair:5)
  3 skysharks
  A pharaoh ant (Spider:1)
  5 skeletal warriors
  4 orb spiders
  A spectral anaconda (Lair:5)
  An obsidian statue (Lair:5)
  A lindwurm (Lair:5)
  2 steelbarb worms
  3 necromancers (Lair:5)
  4 wolf spiders
  A deep elf pyromancer (D:9)
  2 manticores
  8 ugly things
  A cyclops (D:8)
  2 orc sorcerers (Orc:2)
  4 oklob plants (Lair:4)
  12 elephants
  2 moths of wrath
  7 kobold blastminers
  Joseph (D:9)
  4 black mambas
  2 torpor snails
  An orange demon (Lair:1)
  9 cane toads
  Maggie (D:6)
  2 rime drakes
  A dire elephant skeleton (Lair:5)
  15 komodo dragons
  7 polar bears
  3 merfolk (Lair:2)
  A queen bee (Lair:3)
  6 trolls
  Grinder (D:3)
  Prince Ribbit (D:8)
  9 tarantellas
  A spectral elephant (Lair:5)
  7 blink frogs
  11 dream sheep
  Sigmund (D:4)
  A slime creature (D:9)
  9 wyverns
  9 culicivoras
  A spriggan (Lair:4)
  8 jumping spiders
  2 shadows (D:11)
  A wraith (D:12)
  A human (shapeshifter) (D:9)
  3 hogs (Lair:4)
  10 humans
  42 yaks
  4 basilisks
  3 steam dragons
  22 redbacks
  2 spectral cane toads (Lair:5)
  Edmund (D:5)
  2 death yak simulacra (Lair:5)
  3 acid dragons
  Duvessa (D:4)
  10 water moccasins
  23 orc warriors
  An elephant zombie (Lair:5)
  4 sky beasts
  3 black bears
  10 ogres
  A crocodile (D:8)
  25 wolves
  9 centaurs
  3 elephant skeletons (Lair:5)
  3 kobold brigands (D:8)
  22 bullfrogs
  3 gnoll sergeants
  5 scorpions
  A cane toad simulacrum (Lair:5)
  18 wights
  Dowan (D:4)
  30 killer bees
  5 elephant simulacra (Lair:5)
  3 howler monkeys
  7 electric eels
  2 bombardier beetles (D:4)
  3 jellies
  3 hounds
  9 orc priests
  3 gnoll boudas
  3 sleepcaps
  10 iguanas
  19 orc wizards
  A hell rat (Sewer)
  Robin (D:2)
  19 gnolls
  2 river rats (Sewer)
  9 adders
  A shadow imp (D:7)
  2 dart slugs
  3 ribbon worms
  86 orcs
  8 ball pythons
  12 bats
  5 endoplasms
  2 giant cockroaches
  13 goblins
  11 hobgoblins
  4 jackals (D:2)
  16 kobolds
  4 quokkas
  4 frilled lizards
  16 rats
776 creatures vanquished.

Vanquished Creatures (others)
  A hydra (Lair:5)
  A lindwurm (Lair:5)
  A wolf spider (Spider:2)
  An orc knight (Orc:2)
  A manticore (D:11)
  An elephant (Lair:3)
  A cane toad (Lair:5)
  A hornet (D:10)
  A culicivora (Lair:2)
  A jumping spider (Spider:2)
  A crocodile (D:8)
  3 bullfrogs
  A killer bee (D:10)
  A jelly (D:5)
  A kobold (D:8)
17 creatures vanquished.

Grand Total: 793 creatures vanquished

Notes
Turn   | Place    | Note
-------+----------+-------------------------------------------
     0 | D:1      | colig the Troll Shapeshifter began the quest for the Orb.
     0 | D:1      | Reached XP level 1. HP: 18/18 MP: 0/0
    22 | D:1      | Reached skill level 1 in Fighting
   199 | D:1      | Reached XP level 2. HP: 27/27 MP: 1/1
   250 | D:1      | Found a faded altar of an unknown god.
   580 | D:1      | Reached XP level 3. HP: 29/33 MP: 2/2
   919 | D:2      | Noticed Robin
   925 | D:2      | Killed Robin
  1017 | D:2      | Found a sacrificial altar of Ru.
  1029 | D:2      | Became a worshipper of Ru the Awakened
  1122 | D:2      | Reached XP level 4. HP: 42/42 MP: 3/3
  1653 | D:3      | Noticed Grinder
  1663 | D:3      | Killed Grinder
  1664 | D:3      | Reached skill level 4 in Unarmed Combat
  1664 | D:3      | Reached XP level 5. HP: 31/53 MP: 4/4
  1664 | D:3      | Reached XP level 6. HP: 36/61 MP: 5/5
  1754 | D:3      | Found a glowing drain.
  1761 | Sewer    | Entered a sewer
  1991 | D:3      | Gained mutation: You cannot study or use magical devices.
                  | [Ru sacrifice]
  1991 | D:3      | Reached * piety under Ru
  1991 | D:3      | Reached ** piety under Ru
  2055 | D:3      | Found a shadowy altar of Dithmenos.
  2378 | D:3      | Reached skill level 5 in Unarmed Combat
  2395 | D:4      | Reached XP level 7. HP: 62/67 MP: 6/6
  2428 | D:4      | Noticed Sigmund
  2439 | D:4      | Killed Sigmund
  2674 | D:4      | Found an ornate altar of the Wu Jian Council.
  2803 | D:4      | Reached skill level 6 in Unarmed Combat
  2857 | D:4      | Noticed Duvessa
  2858 | D:4      | Noticed Dowan
  2866 | D:4      | Killed Duvessa
  2867 | D:4      | Reached XP level 8. HP: 63/79 MP: 7/7
  2868 | D:4      | Killed Dowan
  3134 | D:5      | Entered Level 5 of the Dungeon
  3200 | D:5      | Reached skill level 5 in Dodging
  3212 | D:5      | Reached skill level 5 in Fighting
  3334 | D:5      | Found a shimmering blue altar of Sif Muna.
  3461 | D:5      | Found a broken altar of Ashenzari.
  3481 | D:5      | Noticed Edmund
  3494 | D:5      | Killed Edmund
  3495 | D:5      | Reached skill level 7 in Unarmed Combat
  3505 | D:5      | Found a sparkling altar of Nemelex Xobeh.
  3715 | D:6      | Reached XP level 9. HP: 75/88 MP: 8/8
  3746 | D:6      | Found a staircase to the Ecumenical Temple.
  3859 | D:6      | Identified the +5 quarterstaff "Ecefyv" {drain, rElec rF+
                  | rN+++ Str-4}
  3967 | D:6      | Found Leudoroq's Jewellery Emporium.
  3991 | D:6      | Reached skill level 5 in Shapeshifting
  4085 | D:6      | Noticed Maggie
  4099 | D:6      | Killed Maggie
  4501 | D:7      | Gained mutation: You are somewhat inexperienced. (-1 XL)
                  | [Ru sacrifice]
  4501 | D:7      | Reached XP level 8. HP: 83/83 MP: 7/7
  4501 | D:7      | Reached *** piety under Ru
  4501 | D:7      | Reached **** piety under Ru
  4616 | D:7      | Reached skill level 8 in Unarmed Combat
  4650 | D:7      | Found a basalt altar of Yredelemnul.
  4712 | D:7      | Identified the amulet "Rasy" {Faith Int+3 Dex+3}
  4775 | D:7      | Identified the +0 chain mail of Ryroek {Str+4 Dex+2}
  4989 | D:8      | Found Mil Ony's Gadget Gallery.
  5053 | D:8      | Reached skill level 1 in Shields
  5148 | D:8      | Found a radiant altar of Vehumet.
  5159 | D:8      | Noticed Prince Ribbit
  5183 | D:8      | Noticed a cyclops
  5185 | D:8      | Reached XP level 9. HP: 80/91 MP: 8/8
  5188 | D:8      | Killed Prince Ribbit
  5209 | D:8      | Killed a cyclops
  5859 | D:8      | Found a blossoming altar of Fedhas.
  5859 | D:8      | Found a snail-covered altar of Cheibriados.
  6137 | D:8      | Noticed a two-headed ogre
  6137 | D:8      | Noticed a two-headed ogre
  6197 | D:8      | Killed a two-headed ogre
  6198 | D:8      | Reached skill level 9 in Unarmed Combat
  6203 | D:8      | Killed a two-headed ogre
  6495 | D:8      | Reached XP level 10. HP: 71/102 MP: 9/9
  6504 | D:8      | Identified the ring of Foolhardiness {Fly Stlth+}
  6699 | D:9      | Noticed Erolcha
  6709 | Abyss:1  | Cast into level 1 of the Abyss (Erolcha)
  6721 | D:9      | Escaped the Abyss
  6723 | D:9      | Killed Erolcha
  6786 | D:9      | Noticed Joseph
  6828 | D:9      | Killed Joseph
  6862 | D:9      | Found a flagged portal.
  6890 | Bailey   | Entered a bailey
  7052 | Bailey   | Noticed a vault guard
  7065 | Bailey   | Killed a vault guard
  7066 | Bailey   | Reached skill level 5 in Shields
  7109 | Bailey   | Noticed a vault guard
  7114 | Bailey   | Reached skill level 10 in Unarmed Combat
  7125 | Bailey   | Killed a vault guard
  7284 | D:9      | Found a hazy altar of Hepliaklqana.
  7348 | D:9      | Noticed a purple ugly thing
  7348 | D:9      | Noticed a centaur warrior
  7348 | D:9      | Noticed a cyan ugly thing
  7349 | D:9      | Noticed a white ugly thing
  7350 | D:9      | Noticed a cyan ugly thing
  7352 | D:9      | Noticed a deep elf pyromancer
  7353 | D:9      | Noticed a boulder beetle
  7354 | D:9      | Noticed a boulder beetle
  7354 | D:9      | Noticed a red ugly thing
  7359 | D:9      | Killed a purple ugly thing
  7364 | D:9      | Killed a white ugly thing
  7370 | D:9      | Killed a centaur warrior
  7414 | D:9      | Killed a boulder beetle
  7439 | D:9      | Killed a boulder beetle
  7510 | D:9      | Killed a deep elf pyromancer
  7511 | D:9      | Reached XP level 11. HP: 77/115 MP: 10/10
  7568 | D:9      | Noticed a two-headed ogre
  7577 | D:9      | Killed a two-headed ogre
  7855 | D:9      | You fall into a shaft and drop 3 floors!
  7965 | D:11     | Gained mutation: You cannot be stealthy. [Ru sacrifice]
  8065 | D:11     | Noticed a two-headed ogre
  8071 | D:11     | Killed a two-headed ogre
  8200 | D:11     | Noticed a boulder beetle
  8211 | D:11     | Killed a boulder beetle
  8334 | D:11     | Found a staircase to the Lair.
  8490 | D:11     | Reached skill level 10 in Fighting
  9115 | D:10     | Entered Level 10 of the Dungeon
  9230 | D:10     | Identified the +2 leather armour of Ethics {Int+3 SInv}
  9291 | D:10     | Found a staircase to the Orcish Mines.
  9291 | D:10     | Noticed Urug
  9303 | D:10     | Killed Urug
  9326 | D:10     | Found Waemnumo's Antique Weapon Shop.
  9947 | D:10     | Found a shimmering altar of Xom.
  9948 | D:10     | Found an ancient bone altar of Kikubaaqudgha.
 10336 | D:9      | Found a glowing silver altar of Zin.
 10848 | D:12     | Found an iron altar of Okawaru.
 10985 | D:12     | Noticed Frances
 11002 | D:12     | Killed Frances
 11003 | D:12     | Reached XP level 12. HP: 79/128 MP: 11/11
 11301 | D:11     | Reached skill level 11 in Unarmed Combat
 11303 | D:11     | HP: 6/124 [skeletal warrior/+0 long sword (21)]
 11724 | Orc:1    | Entered Level 1 of the Orcish Mines
 11765 | Orc:1    | Gained mutation: You are somewhat unskilled. (-1 Apt) [Ru
                  | sacrifice]
 11765 | Orc:1    | Reduced skill Fighting to level 10
 11765 | Orc:1    | Reduced skill Unarmed Combat to level 10
 11765 | Orc:1    | Reached ***** piety under Ru
 11987 | Orc:2    | Entered Level 2 of the Orcish Mines
 12250 | Orc:2    | Found a staircase to the Elven Halls.
 12401 | Orc:2    | Noticed an orc warlord
 12423 | Orc:2    | Killed an orc warlord
 12520 | Orc:2    | Found Ifiyni Bedoh's Antique Armour Shop.
 12535 | Orc:2    | Found Lacretupn's Antique Weapon Boutique.
 12544 | Orc:2    | Gained mutation: You are hated by all. [Ru sacrifice]
 12544 | Orc:2    | Reached ****** piety under Ru
 12722 | Orc:2    | Reached skill level 11 in Unarmed Combat
 12969 | Orc:2    | Found Xurutat's Armour Shoppe.
 13084 | Orc:2    | Paralysed by an orc sorcerer for 4 turns
 13158 | Orc:2    | Found Qetizion's Magic Scroll Shoppe.
 13319 | Lair:1   | Entered Level 1 of the Lair of Beasts
 13481 | Lair:1   | Noticed Amaemon
 13493 | Lair:1   | Killed Amaemon
 14512 | Lair:2   | Found a staircase to the Shoals.
 14612 | Lair:2   | Identified the +4 ring mail "Ageisuul" {Rampage Fly rN+
                  | Int-5}
 14961 | Lair:2   | Found a hole to the Spider Nest.
 14973 | Lair:2   | Reached skill level 10 in Shields
 14973 | Lair:2   | Reached skill level 12 in Unarmed Combat
 15174 | Lair:3   | Reached XP level 13. HP: 136/136 MP: 12/12
 16282 | Lair:4   | Noticed Kirke
 16298 | Lair:4   | Killed Kirke
 16525 | Lair:4   | Found a staircase to the Slime Pits.
 16540 | Lair:4   | Reached skill level 13 in Unarmed Combat
 16547 | Lair:4   | HP: 1/137 [oklob plant/splash of acid (12)]
 17035 | Lair:4   | Noticed Sonja
 17039 | Lair:4   | Paralysed by Sonja for 2 turns
 17047 | Lair:4   | Killed Sonja
 17526 | Lair:5   | Entered Level 5 of the Lair of Beasts
 18029 | Lair:5   | Reached skill level 14 in Unarmed Combat
 18045 | Lair:5   | Reached XP level 14. HP: 138/146 MP: 13/13
 18126 | Lair:5   | Identified the ring "Biomuilu" {Fly rN+ Str+3}
 19212 | Spider:1 | Entered Level 1 of the Spider Nest
 19242 | Spider:1 | Noticed an emperor scorpion
 19284 | Lair:2   | Killed an emperor scorpion
 19285 | Lair:2   | Reached skill level 1 in Throwing
 19488 | Spider:1 | Reached skill level 15 in Unarmed Combat
 20622 | Spider:1 | Slain by a wolf spider

Illustrated notes

Levels and vault maps discovered:
D:1:      spicycebolla_arrival_xxxplode, layout_basic,
          nicolae_ecumenical_snake_handling, minmay_misc_feat_hallway,
          minmay_tromino_i2
D:2:      layout_loops_ring, basic_altar, uniq_robin
D:3:      layout_rooms, pf_just_have_faith, lightli_sewer_entry_pipes,
          chequers_mini_garden, uniq_grinder
D:4:      layout_basic, marbit_many_paths, kennysheep_generic_room_8,
          uniq_sigmund, uniq_duvessa
D:5:      layout_basic, mainiacjoe_overflow_boulevard,
          mainiacjoe_overflow_six_doors_small,
          nemelex_xobeh_ov_fountains_minmay, minmay_misc_feat_ornament,
          uniq_edmund
D:6:      layout_loops_ring, minmay_temple_entry_glass, serial_shops, shop,
          st_stairs_7, uniq_maggie
D:7:      layout_rooms, mainiacjoe_overflow_surrounded_room,
          minmay_misc_feat_encased, nicolae_water_bricks
D:8:      regret_index_malice_mire, layout_basic, mainiacjoe_overflow_chevrons,
          jmf_multi_god_temple, serial_co_window_serial, co_window_cross_1,
          co_window_corner_a, co_window_paths_a, co_window_of_opportunity_a,
          co_window_corner_a, co_window_corner_a, co_window_of_opportunity_a,
          co_window_2corner, co_window_unsneaky_path_a, co_window_paths_c,
          co_window_corner_ca, glass_columns_b, special_room [special_room_orc],
          nicolae_shop_gadgets, uniq_prince_ribbit1
D:9:      layout_loops_ring, mainiacjoe_overflow_alcove_4,
          mainiacjoe_overflow_cross_hatched, serial_co_window_serial,
          co_window_paths_a, co_window_corner_a, co_window_paths_b,
          co_window_corner_a, co_window_paths_a, co_window_cross_1,
          co_window_paths_b, co_window_2corner, co_window_cross_4,
          co_window_corner_ca, co_window_corner_ca, glass_columns_b,
          glass_columns_a, glass_columns_a, glass_columns_c, glass_columns_b,
          enter_bailey_2, minivault_28, uniq_erolcha, uniq_joseph
D:10:     minmay_clustersquares, layout_basic, gammafunk_temple_overflow_pools,
          minmay_orc_entry_temple_small, serial_shops, kennysheep_mini,
          serial_rivers, chequers_serial_rivers_micro_b,
          chequers_serial_rivers_large_a, chequers_serial_rivers_micro_e,
          chequers_serial_rivers_small_b, hangedman_abyss_or_decor_clamps,
          kennysheep_generic_room_13, uniq_urug
D:11:     layout_layer_cave, lair_entry_dummy
D:12:     layout_irregular_city, okawaru_humans, uniq_frances
Lair:1:   layout_regular_city, dreamdust_gnoll_shepherd, lemuel_fruit_fields,
          grunt_megastairs_4, uniq_amaemon
Lair:2:   layout_gridlike, mainiacjoe_shoals_entry_four_pools,
          nicolae_spider_entry_orb_guardian, serial_bayou, serial_bayou_shore_a,
          serial_bayou_shore_b, serial_bayou_pond_b, serial_bayou_pond_e,
          grunt_forest_stairs_basic, nicolae_quartered_pool_medium
Lair:3:   layout_roguey [special_room_bee], roderic_batcave, grunt_megastairs_5,
          lemuel_fruit_tree, infiniplex_staircase_pool
Lair:4:   layout_cave_pods, minmay_slime_entry_oklob_enclosed,
          chequers_serial_rivers_small_b, grunt_forest_large_clearings,
          serial_bayou_shore_b, grunt_megastairs_2, uniq_kirke, uniq_sonja
Lair:5:   due_jungle_book, layout_regular_city, serial_bayou_lake_a
Spider:1: layout_spider_delve, nicolae_spider_wall_of_niches
Spider:2: layout_spider_delve
Orc:1:    layout_diamond_mine
Orc:2:    grunt_orc_community_town_hall, layout_diamond_mine,
          grunt_orc_community_big_house_1, grunt_orc_community_big_house_2,
          grunt_orc_community_house_3, grunt_orc_community_house_2,
          grunt_orc_community_house_2, grunt_orc_community_house_3, basic_altar,
          nicolae_orc_flooded_monolith, nicolae_orc_hostile_takeover

Skill      XL: |  1  2  3  4  5  6  7  8  9 10 11 12 13 14 |
---------------+-------------------------------------------+-----
Fighting       | 1 2 3 4 5 7 9 10 10 11 12 | 12.3
Dodging        | 2 3 4 5 7 6 |  6.8
Unarmed Combat | 4 5 6 8 9 10 12 14 15 | 15.5
Shapeshifting  | 4 7 6 |  6.5
Shields        | 1 3 7 9 10 11 | 11.9
Throwing       | 3 |  3.1

Action                     |  1- 3 |  4- 6 |  7- 9 | 10-12 | 13-15 || total
---------------------------+-------+-------+-------+-------+-------++-------
  Melee: Unarmed           |    67 |   115 |   428 |   960 |   999 ||  2569
         Punch             |     2 |     2 |    11 |       |       ||    15
  Throw: Large rock        |       |       |       |       |     9 ||     9
 Invoke: Sacrifice Artific |       |     1 |       |       |       ||     1
         Sacrifice Experie |       |       |     1 |       |       ||     1
         Draw Out Power    |       |       |     2 |     4 |     3 ||     9
         Sacrifice Stealth |       |       |       |     1 |       ||     1
         Reject Sacrifices |       |       |       |     1 |       ||     1
         Sacrifice Love    |       |       |       |     1 |       ||     1
         Sacrifice Skill   |       |       |       |     1 |       ||     1
         Apocalypse        |       |       |       |       |     2 ||     2
    Use: Scroll            |       |     1 |     5 |     6 |     3 ||    15
         Potion            |       |       |       |     1 |     1 ||     2
   Stab: Sleeping          |     1 |       |       |       |       ||     1
         Invisible         |       |       |     3 |     5 |     4 ||    12
         Distracted        |       |       |     1 |     5 |     6 ||    12
         Paralysed         |       |       |       |     8 |     9 ||    17
         Petrified         |       |       |       |     1 |       ||     1
 Armour: Animal skin       |    34 |    52 |    86 |       |       ||   172
         Steam dragon scal |       |       |   118 |   148 |       ||   266
         Acid dragon scale |       |       |       |   214 |   387 ||   601
  Dodge: Dodged            |    26 |    71 |   258 |   314 |   296 ||   965
  Block: Kite shield       |       |       |    68 |   131 |       ||   199
         Tower shield      |       |       |       |   503 |  1063 ||  1566
         Reflection        |       |       |       |     4 |     3 ||     7
